 Dungeon Crawl Stone Soup version 0.26-a0-393-g67388ea477 (webtiles) character file.

Game seed: 11630102165976816570

16 KristoblXynda the Sneak (level 2, -2/26 HPs)
             Began as a Draconian Delver on July 22, 2020.
             Was an Initiate of Ashenzari.
             Slain by a centaur zombie (7 damage)
             ... on level 5 of the Dungeon.
             The game lasted 00:02:23 (738 turns).

KristoblXynda the Sneak (Draconian Delver)           Turns: 738, Time: 00:02:24

Health: -2/26      AC:  4    Str: 14    XL:     2   Next: 37%
Magic:  2/2        EV: 12    Int: 10    God:    Ashenzari [......]
Gold:   19         SH:  0    Dex: 12    Spells: 1/1 levels left

rFire    . . .     SeeInvis .   a - +0 falchion
rCold    . . .     Faith    .   (no shield)
rNeg     . . .     Spirit   .   (armour unavailable)
rPois    .         Reflect  .   (helmet restricted)
rElec    .         Harm     .   (no cloak)
rCorr    .                      (no gloves)
MR       .....                  (no boots)
Stlth    +++.......             (no amulet)
HPRegen  0.08/turn              (no ring)
MPRegen  0.08/turn              (no ring)

@: no status effects
A: unfitting armour, cold-blooded, AC +4
a: Curse Item, Renounce Religion


You were on level 5 of the Dungeon.
You worshipped Ashenzari.
Ashenzari was noncommittal.
You visited 2 branches of the dungeon, and saw 2 of its levels.

You collected 19 gold pieces.

Inventory:

Hand Weapons
 a - a +0 falchion (weapon)
Wands
 f - a wand of digging (3)
Scrolls
 b - a scroll of fog
 c - 2 scrolls of magic mapping
 d - a scroll of fear
 h - a scroll of immolation {unknown}
 j - a scroll of remove curse
Potions
 e - a potion of haste
 g - a potion of degeneration {unknown}
 i - a potion of curing


   Skills:
 - Level 3.2 Fighting
 + Level 2.3 Long Blades
 + Level 2.1 Dodging
 + Level 4.7 Stealth


You had one spell level left.
You didn't know any spells.
Your spell library was empty.

Dungeon Overview and Level Annotations

Branches:
Dungeon (5/15)             Temple (1/1) D:5

Altars:
Ashenzari
Dithmenos
Fedhas
Hepliaklqana
Makhleb
Qazlal
Trog
Vehumet
Wu Jian
Yredelemnul
The Shining One


Innate Abilities, Weirdness & Mutations

Your plain brown scales are hard. (AC +4)
You cannot fit into any form of body armour.
You are cold-blooded and may be slowed by cold attacks.


Message History

The centaur zombie is moderately damaged.
The centaur zombie completely misses you.
The centaur zombie closely misses you.
You riposte.
You hit the centaur zombie but do no damage.
The centaur zombie is moderately damaged.
You hit the centaur zombie.
The centaur zombie is heavily damaged.
The centaur zombie hits you.
You hit the centaur zombie.
The centaur zombie is severely damaged.
The centaur zombie hits you but does no damage.
The centaur zombie hits you.
You hit the centaur zombie.
The centaur zombie is severely damaged.
The centaur zombie hits you.
* * * LOW HITPOINT WARNING * * *
The centaur zombie hits you.
* * * LOW HITPOINT WARNING * * *
The centaur zombie hits you!
You die...

#.# #.# ### #.# #.# #.# #.# #.#
#.# #.# #.# #.# #.#
#######.######.#########
##########......@Z...............
#.............##.................
#.............#########.#########
#.......(.....# #.#
##########+#### #.# #.# #.# #.#
#.# #.# #.#
##########.############.#


You could see a centaur zombie.

Vanquished Creatures
  A shadow imp (D:5)
  A dart slug (D:5)
  An orc (D:5)
  2 jackals (D:5)
  A frilled lizard (D:5)
6 creatures vanquished.

Notes
Turn   | Place    | Note
-------+----------+-------------------------------------------
     0 | D:5      | KristoblXynda the Draconian Delver began the quest for the
                  | Orb.
     0 | D:5      | Reached XP level 1. HP: 19/19 MP: 1/1
    40 | D:5      | Found a staircase to the Ecumenical Temple.
    54 | Temple   | Entered the Ecumenical Temple
   133 | Temple   | Became a worshipper of Ashenzari the Shackled
   200 | D:5      | Found a basalt altar of Yredelemnul.
   381 | D:5      | Found a shadowy altar of Dithmenos.
   504 | D:5      | Reached XP level 2. HP: 19/26 MP: 2/2
   738 | D:5      | Slain by a centaur zombie

Illustrated notes

Levels and vault maps discovered:
D:5:      layout_basic, nicolae_dithmenos_the_darkroom,
          yredelemnul_altar_generic, minmay_temple_entry_waves, basic_altar
Temple:   nicolae_temple_figure_zero

Skill      XL: |  1 |
---------------+----+-----
Dodging        | 2 |  2.1
Fighting       | |  3.2
Long Blades    | |  2.3
Stealth        | |  4.7

Action                   || total
-------------------------++-------
Melee: Falchion          ||    31
       Tailslap          ||     3
  Use: Scroll            ||     1
 Stab: Sleeping          ||     1
Armor: Skin              ||    11
Dodge: Dodged            ||    22
       Rpst.: Falchion   ||     7

Table legend: (Time is in decaauts)
 A = Elapsed time spent in this place.
 B = Non-inter-level travel time spent in this place.
 C = Inter-level travel time spent in this place.
 D = Time resting spent in this place.
 E = Time spent auto-exploring this place.
 F = Levels seen in this place.
 G = Mean time per level.
                   A        B        C        D        E       F      G
               +--------+--------+--------+--------+--------+-----+--------+
         Total |    744 |    735 |      9 |     77 |    380 |   2 |  372.0 |
       Dungeon |    611 |    611 |      0 |     77 |    266 |   1 |  611.0 |
        Temple |    132 |    123 |      9 |      0 |    114 |   1 |  132.0 |
               +--------+--------+--------+--------+--------+-----+--------+

Top non-repeatable levels by time:
     D:5: 611 daAuts
  Temple: 132 daAuts
